 Seeded DCSS version 0.29.1-12-g30fa7ad0bf (webtiles) character file.

Game seed: 16245865983455551772 (custom seed)

150 hikkokomori the Conjurer (level 5, -1/31 HPs)
             Began as an Octopode Conjurer on Jan 17, 2023.
             Killed by their own static electricity (3 damage)
             ... on level 3 of the Dungeon.
             The game lasted 00:03:20 (2595 turns).

hikkokomori the Conjurer (Octopode Conjurer)        Turns: 2595, Time: 00:03:21

Health: -1/31      AC:  1    Str:  7    XL:     5   Next: 32%
Magic:  0/8        EV: 11    Int: 34    God:
Gold:   911        SH:  9    Dex: 10    Spells: 3/8 levels left

rFire   + + .      SeeInvis .   j - +0 dagger (drain)
rCold   + + .      Faith    .   g - +2 shield of Resistance {rF++ rC++ Will++}
rNeg    . . .      Spirit   .   (helmet restricted)
rPois   .          Reflect  .   (no amulet)
rElec   .          Harm     .   f - +6 ring of intelligence
rCorr   .          Rampage  .   e - +6 ring of intelligence
Will    ++...                   (no ring)
Stlth   +++.......              (no ring)
HPRegen 0.10/turn               (no ring)
MPRegen 0.11/turn               (no ring)
                                (no ring)
                                (no ring)

@: no status effects
A: almost no armour, amphibious, 8 rings, camouflage 1, gelatinous body 1,
(nimble swimmer 1), tentacles
a: no special abilities


You were on level 3 of the Dungeon.
You visited 1 branch of the dungeon, and saw 3 of its levels.

You collected 911 gold pieces.

Inventory:

Hand Weapons
 b - a +0 dagger
 j - a +0 dagger of draining (weapon)
Armour
 g - the +2 shield of Resistance (worn) {rF++ rC++ Will++}
   (You acquired it on level 1 of the Dungeon)

   rF:        It greatly protects you from fire.
   rC:        It greatly protects you from cold.
   Will:      It greatly increases your willpower.
Jewellery
 e - a +6 ring of intelligence (right tentacle)
 f - a +6 ring of intelligence (left tentacle)
Wands
 n - a wand of roots (4)
Scrolls
 d - 2 scrolls of teleportation {unknown}
 k - 2 scrolls of identify {unknown}
 l - a scroll of enchant weapon {unknown}
 m - a scroll of summoning {unknown}
 o - a scroll of noise {unknown}
Potions
 a - a potion of magic
 c - 2 potions of flight {unknown}
 h - a potion of might {unknown}
 i - a potion of lignification {unknown}


   Skills:
 - Level 2.3 Dodging
 + Level 4.6 Stealth
 + Level 1.1 Shields
 - Level 2.3 Spellcasting
 + Level 4.8 Conjurations
 + Level 1.8 Air Magic


You had 3 spell levels left.
You knew the following spells:

 Your Spells              Type           Power      Damage    Failure   Level
a - Magic Dart            Conj           100%       1d8       2%          1
b - Searing Ray           Conj           72%        2d7       4%          2
c - Static Discharge      Conj/Air       26%        3-7/arc   8%          2

Your spell library contained the following spells:

 Spells                   Type           Power      Damage    Failure   Level
 Shock                    Conj/Air       100%       1d9       5%          1
 Sting                    Tmut/Pois      12%        1d3       21%         1
 Poisonous Vapours        Pois/Air       20%        N/A       21%         2
 Dazzling Flash           Conj/Hex       40%        N/A       22%         3
 Fulminant Prism          Conj/Hex       10%        3d9       58%         4
 Iskenderun's Mystic Bla  Conj/Tloc      20%        2d6       58%         4
 Lightning Bolt           Conj/Air       13%        1d26      82%         5
 Olgreb's Toxic Radiance  Pois           3%         N/A       90%         4
 Freezing Cloud           Conj/Ice/Air   9%         6-21      92%         5
 Storm Form               Tmut/Air       5%         N/A       100%        7
 Chain Lightning          Conj/Air       13%        3d17      100%        9
 Fire Storm               Conj/Fire      10%        8d3       100%        9
 Shatter                  Erth           1%         3d6*      100%        9


Dungeon Overview and Level Annotations

Branches:
Dungeon (3/15)

Altars:

Shops:
D:3 [


Innate Abilities, Weirdness & Mutations

You cannot wear most types of armour.
You are amphibious.
You can wear up to eight rings at the same time.
Your skin changes colour to match your surroundings (Stealth+).
Your rubbery body absorbs attacks. (AC +1, EV +1)
((You are camouflaged when in or above water. (Stealth+)))
You have tentacles for arms and can constrict up to eight enemies at once.


Message History

You block Natasha's attack.
Casting: Static Discharge (safe; 9% risk of failure)
Confirm with . or Enter, or press ? or * to list all spells.
The orc is struck by an arc of lightning.
You kill the orc!
You are struck by an arc of lightning.
Natasha is struck by an arc of lightning.
Natasha is heavily wounded.
You are struck by an arc of lightning.
The lightning grounds out.
Natasha claws you.
Your Shields skill increases to level 1!
Unknown command.
Unknown command.
You hit Natasha. You drain Natasha. You grab Natasha.
Natasha is almost dead.
You constrict Natasha. Natasha barely misses you.
You hit Natasha.
You kill Natasha!
Natasha yowls pathetically as she dies!
The orc wizard points at you and mumbles some strange words.
The magic dart hits you.
* * * LOW HITPOINT WARNING * * *
The orc wizard closely misses you.
You see here the felid corpse of Natasha.
You closely miss the orc wizard. You grab the orc wizard.
You constrict the orc wizard.
The orc wizard points at you and mumbles some strange words.
You resist with almost no effort.
You hit the orc wizard but do no damage.
You squeeze the orc wizard, but do no damage.
The orc wizard is lightly wounded.
You constrict the orc wizard.
The orc wizard hits you with a +0 dagger.
* * * LOW HITPOINT WARNING * * *
Casting: Static Discharge (safe; 8% risk of failure)
Confirm with . or Enter, or press ? or * to list all spells.
The orc wizard is struck by an arc of lightning.
The orc wizard is moderately wounded.
You are struck by an arc of lightning.
You die...

# ###### #. ....
.. ..#
#.###.#####.#####
#....)o@.)......#
#
#####.###.#...#.##
# >. #..#.#...# #
..# #...∩....# #
.. #..#.#...# # #
#.#...#..#######
.................
###.#.############
...#. .......†


You could see an orc wizard.

Vanquished Creatures
  Jessica (D:2)
  An orc wizard (D:3)
  Natasha (twice) (D:3)
  An adder (D:2)
  3 orcs (D:3)
  2 ball pythons (D:1)
  3 bats
  4 endoplasms (D:1)
  2 goblins (D:1)
  5 hobgoblins
  4 kobolds
  3 quokkas (D:1)
  3 frilled lizards
  5 rats
39 creatures vanquished.

Vanquished Creatures (others)
  A plant (D:3)
1 creature vanquished.

Grand Total: 40 creatures vanquished

Notes
Turn   | Place    | Note
-------+----------+-------------------------------------------
     0 | D:1      | hikkokomori the Octopode Conjurer began the quest for the
                  | Orb.
     0 | D:1      | Reached XP level 1. HP: 11/11 MP: 3/3
   188 | D:1      | Found a faded altar of an unknown god.
   266 | D:1      | Reached XP level 2. HP: 17/17 MP: 3/5
  1311 | D:1      | Reached XP level 3. HP: 21/21 MP: 3/6
  1371 | D:1      | Identified 3 scrolls of acquirement
  1371 | D:1      | Acquired 789 gold pieces
  1372 | D:1      | Acquired the +2 shield of Resistance {rF++ rC++ Will++}
  1372 | D:1      | Found the +2 shield of Resistance {rF++ rC++ Will++}
  1373 | D:1      | Acquired the Handbook of Feathers
  1385 | D:1      | Learned a level 2 spell: Searing Ray
  1388 | D:1      | Learned a level 2 spell: Static Discharge
  1806 | D:2      | Noticed Jessica
  1808 | D:2      | Killed Jessica
  1809 | D:2      | Reached skill level 1 in Air Magic
  1809 | D:2      | Reached XP level 4. HP: 27/27 MP: 3/7
  2446 | D:3      | Noticed Natasha
  2450 | D:3      | Killed Natasha
  2563 | D:3      | Found Ymmy Ciutu's Antique Armour Shoppe.
  2580 | D:3      | Reached XP level 5. HP: 31/31 MP: 5/8
  2580 | D:3      | Noticed Natasha
  2590 | D:3      | Reached skill level 1 in Shields
  2591 | D:3      | Killed Natasha
  2595 | D:3      | Killed from afar by themself

Illustrated notes

Levels and vault maps discovered:
D:1:      minmay_arrival_hallway, layout_loops_corners, basic_ecumenical_altar,
          minmay_unequal
D:2:      layout_loops_ring, uniq_jessica
D:3:      layout_basic, serial_shops, nicolae_shop_advertising_works
          [nicolae_subvault_shop_adworks], minmay_shallow_snake_nest,
          uniq_natasha

Skill      XL: |  1  2  3  4  5 |
---------------+----------------+-----
Stealth        | 3 4 |  4.6
Air Magic      | 1 |  1.8
Shields        | 1 |  1.1
Dodging        | |  2.3
Spellcasting   | |  2.3
Conjurations   | |  4.8

Action                   |  1- 3 |  4- 6 || total
-------------------------+-------+-------++-------
Melee: Dagger            |     2 |    44 ||    46
       Tentacles         |     2 |     4 ||     6
       Unarmed           |     1 |       ||     1
       Constrict         |     1 |    10 ||    11
       Punch             |       |     1 ||     1
 Cast: Magic Dart        |    46 |       ||    46
       Searing Ray       |     1 |       ||     1
       Static Discharge  |       |     3 ||     3
  Use: Scroll            |     3 |       ||     3
 Stab: Sleeping          |       |     3 ||     3
Armor: Skin              |       |     8 ||     8
Dodge: Dodged            |     3 |    15 ||    18
Block: Kite shield       |       |    17 ||    17
